cohdb
Replays
Latest Replays
All Replays
Popular Replays
Top Player Replays
Match Explorer
How It Works
Community
CoH3 Stats
Reddit
Sign in to upload your games and track your stats! →
Sign in with Steam
Match 28246473
Unlisted
Match 28246473
Overview
Messages
Build Orders
End
Construct Infanterie Kompanie
Selects Italian Coastal Battlegroup
Selects Coastal Reserves
MG 42 Machine Gun Team
Coastal Reserve
Coastal Reserve
Construct Panzergrenadier Kompanie
Selects Artillery Officer
Artillery Officer
Pak 40 Anti-tank Gun Team
Construct Panzer Kompanie
Medical Bunker
Stoßtruppen Squad
Stoßtruppen Squad
Panzer Officer Quarters
Selects Obice da 210/22 Artillery Emplacement
FLOKL
EisregenKubus0
𝓂𝒶𝒹𝒹𝒾𝑒
MoriMusic
Carecup
GronGrinder
0
0
Comments
sign in to comment!
No comments posted yet!